 Dungeon Sprint DCSS version 0.30.1-4-g462c640d31 (webtiles) character file.

Game seed: 540521384568456803

9345 Heoruswealwe the Brawler (level 11, 0/184 HPs)
             Began as a Troll Berserker on Aug 17, 2023.
             Was the Champion of Trog.
             Slain by a demonic crawler (15 damage)
             ... in the Dungeon (Sprint I: "Red Sonja").
             The game lasted 00:16:04 (941 turns).

Heoruswealwe the Brawler (Troll Berserker)           Turns: 941, Time: 00:16:05

Health: 0/184      AC:  4    Str: 31    XL:     11   Next: 21%
Magic:  10/10      EV: 13    Int:  3    God:    Trog [******]
Gold:   2163       SH:  0    Dex:  9    Spells: 10/10 levels left

rFire   . .          .
                       - Unarmed
rCold   . . .        (no shield)
rNeg    . . .        j - +0 troll leather armour
rPois   .            (helmet restricted)
rElec   .            (no cloak)
rCorr   .            (gloves unavailable)
SInv    +            (boots unavailable)
Will    .....        (no amulet) Stlth
                     c - ring of see invisible
HPRegen 2.10/turn    (no ring)
MPRegen 0.12/turn

%: no teleportation, random rage (9%)
@: berserking, very quick
A: large, unfitting armour, claws 3, regeneration 1, shaggy fur 1, tough skin 1,
berserk 2, deformed body, devolution 2
a: Renounce Religion, Berserk, Trog's Hand, Brothers in Arms


You were in the Dungeon.
You worshipped Trog.
Trog was exalted by your worship.
You visited 1 branch You collected 2343 gold pieces.
You spent 180 gold pieces at shops.

Inventory:

Armour
 j - a +0 troll leather armour (worn)
Jewellery
 c - a ring of see invisible (left claw)
Wands
 e - a wand of polymorph (13)
 h - a wand of digging (7)
Scrolls
 g - a scroll of blinking
 i - 3 scrolls of identify {unknown}
 k - 2 scrolls of amnesia {unknown}
Potions
 a - a potion of mutation {unknown}
 b - 3 potions of curing
 f - a potion of might {unknown}


   Skills:
 + Level 12.2 Fighting
 + Level 12.2 Dodging
 * Level 19.5 Unarmed Combat


You had 10 spell levels left.
You didn't know any spells.
Your spell library was empty.

Dungeon Overview and Level Annotations

Branches:
Dungeon (1/1)

Altars:
Cheibriados
Dithmenos
Elyvilon
Fedhas
Gozag
Hepliaklqana
Kikubaaqudgha
Makhleb
Nemelex Xobeh
Okawaru
Qazlal
Ru
Sif Muna
Trog
Uskayaw
Vehumet
Wu Jian
Xom
Yredelemnul
Zin
The Shining One
Jiyva
Lugonu

Shops:
D (=(=(=[


Innate Abilities, Weirdness & Mutations

You are too large for most types of armour.
You have claws for hands.
Your natural rate of healing is unusually fast.
You are covered in fur. (AC +1)
You have tough skin. (AC +1)
You have an uncontrollable temper.
Armour fits poorly on your strangely shaped body.
You have terrible hidden genetic defects.


Message History

There is an open door, spattered with blood here.
The demonic crawler attacks as you move away!
The demonic crawler hits you! x4
* * * LOW HITPOINT WARNING * * *
The demonic crawler misses you. x3; The demonic crawler closely misses you.
The demonic crawler barely misses you.
You feel better. The demonic crawler barely misses you.
The demonic crawler hits you.
The demonic crawler completely misses you.
The demonic crawler misses you. The demonic crawler hits you.
The demonic crawler hits you but does no damage.
A red film seems to cover your vision as you go berserk!
You feel yourself moving faster!
You feel mighty! The demonic crawler barely misses you.
The demonic crawler hits you!
* * * LOW HITPOINT WARNING * * *
The demonic crawler closely misses you. The demonic crawler hits you!
* * * LOW HITPOINT WARNING * * *
The demonic crawler barely misses you. x2; The demonic crawler hits you.
* * * LOW HITPOINT WARNING * * *
The demonic crawler closely misses you. The demonic crawler barely misses you.
You eviscerate the demonic crawler!!! Your claw misses the demonic crawler.
The demonic crawler is severely wounded.
The demonic crawler hits you.
* * * LOW HITPOINT WARNING * * *
The demonic crawler hits you!
* * * LOW HITPOINT WARNING * * *
The demonic crawler hits you!
* * * LOW HITPOINT WARNING * * *
You claw the demonic crawler! You claw the demonic crawler.
You kill the demonic crawler!
Trog accepts your kill. Trog grants you a weapon!
Something appears at your feet!
You see here a +4 antimagic rapier.
You mangle the demonic crawler!!
The demonic crawler is heavily wounded.
You mangle the demonic crawler!! You claw the demonic crawler.
You kill the demonic crawler!
Trog accepts your kill. The demonic crawler hits you!
You die...

##################
.#..'..#__#..'...#
.').#..'..'..#).†##+#
'#####'#__####..@ss.#
.#...#.####.§#####..+
##..##[#§§§§§#..# +##
_##'#_.+§§~§§+..#
..'.)._#§~§§§#..#
_##_)#'##+#####'###
_###'#.#)[)[###.+§#
####.####'###(###.#
..'...'.....'.∩##§#


You could see 2 demonic crawlers.

Vanquished Creatures
  2 centaur warriors (D)
  Sonja (D)
  A deep troll (D)
  8 shining eyes (D)
  An oklob plant (D)
  2 demonic crawlers (D)
  2 unseen horrors (D)
  2 kobold demonologists (D)
  A hornet (D)
  Sigmund (D)
  A slime creature (D)
  A yak (D)
  2 redbacks (D)
  6 floating eyes (D)
  An ogre (D)
  7 necrophages (D)
  8 jellies (D)
  Ijyb (D)
48 creatures vanquished.

Vanquished Creatures (others)
  2 ballistomycete spores (D)
2 creatures vanquished.

Grand Total: 50 creatures vanquished

Notes
Turn   | Place    | Note
-------+----------+-------------------------------------------
     0 | D        | Heoruswealwe the Troll Berserker began the quest for the
                  | Orb.
     0 | D        | Reached XP level 1. HP: 22/22 MP: 0/0
     1 | D        | Noticed Ijyb
     9 | D        | Killed Ijyb
    10 | D        | Reached skill level 5 in Unarmed Combat
    10 | D        | Reached XP level 2. HP: 27/31 MP: 1/1
    37 | D        | Noticed an ogre
    42 | D        | Killed an ogre
    43 | D        | Reached skill level 7 in Unarmed Combat
    43 | D        | Reached XP level 3. HP: 35/40 MP: 2/2
    43 | D        | Reached XP level 4. HP: 42/49 MP: 3/3
    59 | D        | Noticed Sigmund
    69 | D        | Killed Sigmund
    69 | D        | Reached ** piety under Trog
    70 | D        | Reached skill level 5 in Fighting
    70 | D        | Reached skill level 5 in Dodging
    70 | D        | Reached skill level 9 in Unarmed Combat
    70 | D        | Reached XP level 5. HP: 37/59 MP: 4/4
    70 | D        | Reached XP level 6. HP: 42/67 MP: 5/5
   100 | D        | Found a burning altar of Makhleb.
   100 | D        | Found a viscous altar of Jiyva.
   100 | D        | Found a shimmering altar of Xom.
   100 | D        | Found a corrupted altar of Lugonu.
   100 | D        | Noticed a slime creature
   106 | D        | Killed a slime creature
   107 | D        | Reached skill level 10 in Unarmed Combat
   126 | D        | Found an ornate altar of the Wu Jian Council.
   126 | D        | Found a shimmering blue altar of Sif Muna.
   128 | D        | Found a radiant altar of Vehumet.
   158 | D        | Found Tunn's Jewellery Emporium.
   158 | D        | Found an ancient bone altar of Kikubaaqudgha.
   158 | D        | Found a hazy altar of Hepliaklqana.
   158 | D        | Found a stormy altar of Qazlal.
   158 | D        | Found a hide-covered altar of Uskayaw.
   158 | D        | Found a blossoming altar of Fedhas.
   158 | D        | Found a bloodstained altar of Trog.
   158 | D        | Found an iron altar of Okawaru.
   158 | D        | Found a basalt altar of Yredelemnul.
   158 | D        | Found a glowing golden altar of the Shining One.
   158 | D        | Found a snail-covered altar of Cheibriados.
   158 | D        | Found a sacrificial altar of Ru.
   158 | D        | Found a glowing silver altar of Zin.
   158 | D        | Found a shadowy altar of Dithmenos.
   158 | D        | Found a white marble altar of Elyvilon.
   158 | D        | Noticed a yak
   166 | D        | Killed a yak
   166 | D        | Reached *** piety under Trog
   167 | D        | Reached skill level 11 in Unarmed Combat
   167 | D        | Reached XP level 7. HP: 69/78 MP: 6/6
   167 | D        | Found an opulent altar of Gozag.
   168 | D        | Found a sparkling altar of Nemelex Xobeh.
   188 | D        | Noticed a kobold demonologist
   188 | D        | Noticed a kobold demonologist
   194 | D        | Killed a kobold demonologist
   194 | D        | Paralysed by a floating eye for 4 turns
   195 | D        | Reached skill level 12 in Unarmed Combat
   198 | D        | Noticed a smoke demon
   200 | D        | Noticed a red devil
   201 | D        | Noticed a smoke demon
   204 | D        | Killed a kobold demonologist
   204 | D        | Reached **** piety under Trog
   205 | D        | Reached skill level 13 in Unarmed Combat
   205 | D        | Reached XP level 8. HP: 38/88 MP: 7/7
   262 | D        | Noticed a centaur warrior
   265 | D        | Noticed a centaur warrior
   283 | D        | Noticed a deep troll
   290 | D        | Killed a deep troll
   291 | D        | Reached skill level 14 in Unarmed Combat
   303 | D        | Found Puner's Armour Emporium.
   335 | D        | Killed a centaur warrior
   336 | D        | Reached skill level 15 in Unarmed Combat
   336 | D        | Reached XP level 9. HP: 75/100 MP: 8/8
   348 | D        | Killed a centaur warrior
   397 | D        | Reached ***** piety under Trog
   398 | D        | Reached skill level 16 in Unarmed Combat
   411 | D        | Noticed an oklob plant
   416 | D        | Killed an oklob plant
   417 | D        | Reached skill level 10 in Fighting
   417 | D        | Reached skill level 10 in Dodging
   506 | D        | Killed an unseen horror
   507 | D        | Reached XP level 10. HP: 30/111 MP: 9/9
   564 | D        | Received a gift from Trog
   565 | D        | Reached skill level 17 in Unarmed Combat
   581 | D        | Paralysed by a floating eye for 4 turns
   585 | D        | Received a gift from Trog
   592 | D        | Reached ****** piety under Trog
   621 | D        | Identified the +1 war axe of Utut Zurgh {speed, Int+5}
   677 | D        | Noticed Sonja
   683 | D        | Killed Sonja
   683 | D        | Received a gift from Trog
   777 | D        | Found Dustrecu's Weapon Boutique.
   791 | D        | Noticed a shining eye
   791 | D        | Noticed a shining eye
   791 | D        | Noticed a shining eye
   795 | D        | Paralysed by a floating eye for 3 turns
   799 | D        | Paralysed by a floating eye for 4 turns
   808 | D        | Killed a shining eye
   809 | D        | Reached skill level 18 in Unarmed Combat
   810 | D        | Killed a shining eye
   814 | D        | Killed a shining eye
   820 | D        | Noticed a shining eye
   820 | D        | Noticed a shining eye
   820 | D        | Noticed a shining eye
   820 | D        | Gained mutation: Armour fits poorly on your strangely
                  | shaped body. [a shining eye]
   822 | D        | Paralysed by a floating eye for 4 turns
   827 | D        | Received a gift from Trog
   829 | D        | Killed a shining eye
   831 | D        | Killed a shining eye
   832 | D        | Reached XP level 11. HP: 123/123 MP: 10/10
   834 | D        | Gained mutation: You sometimes lose your temper in combat.
                  | [a shining eye]
   835 | D        | Killed a shining eye
   836 | D        | Reached skill level 19 in Unarmed Combat
   844 | D        | Noticed a shining eye
   844 | D        | Noticed a shining eye
   846 | D        | Gained mutation: You have hidden genetic defects. [a
                  | shining eye]
   847 | D        | Paralysed by a floating eye for 2 turns
   852 | D        | Paralysed by a floating eye for 3 turns
   854 | D        | Gained mutation: You have an uncontrollable temper. [a
                  | shining eye]
   857 | D        | Killed a shining eye
   858 | D        | Paralysed by a floating eye for 2 turns
   859 | D        | Gained mutation: You have terrible hidden genetic defects.
                  | [a shining eye]
   862 | D        | Killed a shining eye
   869 | D        | Found Fosoing's Weapon Shop.
   869 | D        | Found Mampuack's Jewellery Shoppe.
   869 | D        | Found Isorabot's Jewellery Boutique.
   869 | D        | Found Qarr's Weapon Emporium.
   883 | D        | Bought a ring of see invisible for 180 gold pieces
   939 | D        | Received a gift from Trog
   941 | D        | Slain by a demonic crawler

Illustrated notes

Levels and vault maps discovered:
D:        dungeon_sprint_1 [red_sonja_temple_1, red_sonja_temple_small_1]

Skill      XL: |  1  2  3  4  5  6  7  8  9 10 11 |
---------------+----------------------------------+-----
Fighting       | 3 4 5 7 8 9 10 11 12 | 12.2
Dodging        | 3 4 5 7 8 9 10 11 12 | 12.2
Unarmed Combat | 5 7 9 11 13 15 16 18 19 | 19.5

Action                     |  1- 3 |  4- 6 |  7- 9 | 10-12 || total
---------------------------+-------+-------+-------+-------++-------
  Melee: Unarmed           |    11 |    22 |    60 |    72 ||   165
         Punch             |       |     1 |     4 |    11 ||    16
 Invoke: Berserk           |       |       |     1 |     1 ||     2
  Evoke: Wand              |     1 |       |       |       ||     1
    Use: Potion            |     1 |       |       |     3 ||     4
 Armour: Animal skin       |     1 |     3 |     4 |       ||     8
         Troll leather arm |       |       |    20 |    13 ||    33
  Dodge: Dodged            |     3 |     8 |    17 |    41 ||    69
